 Dungeon Crawl Stone Soup version 0.32-a0-814-g0968bab981 (webtiles) character file.

Game seed: 10091834054143407934

51 Dittersdorf the Covered (level 3, -1/24 HPs)
             Began as a Gargoyle Fighter on Mar 22, 2024.
             Killed from afar by Grinder (9 damage)
             ... with a puff of flame
             ... on level 2 of the Dungeon.
             The game lasted 00:01:21 (1721 turns).

Dittersdorf the Covered (Gargoyle Fighter)          Turns: 1721, Time: 00:01:22

Health: -1/24      AC: 13    Str: 21    XL:     3   Next: 81%
Magic:  3/3        EV:  6    Int:  8    God:
Gold:   124        SH:  4    Dex:  9    Spells: 2/2 levels left

rFire   . . .        a - +0 flail
rCold   . . .        c - +0 buckler
rNeg    + . .        i - +0 chain mail
rPois   ∞            (no helmet)
rElec   +            j - +0 cloak
rCorr   .            (no gloves)
SInv    .            (no boots)
Will    .....        (no amulet) Stlth
                     (no ring)
HPRegen 0.24/turn    (no ring)
MPRegen 0.08/turn

%: no passive effects
@: no status effects
A: sickness immunity, AC +3, negative energy resistance 1, electricity
resistance, torment resistance 1, petrification resistance
a: no special abilities


You were on level 2 of the Dungeon.
You visited 1 branch of the dungeon, and saw 3 of its levels.

You collected 124 gold pieces.

Inventory:

Hand Weapons
 a - a +0 flail (weapon)
Armour
 c - a +0 buckler (worn)
 i - a +0 chain mail (worn)
 j - a +0 cloak (worn)
Jewellery
 b - a ring of protection from fire
Scrolls
 f - a scroll of teleportation {unknown}
 g - 2 scrolls of blinking {unknown}
 h - a scroll of fog {unknown}
Potions
 d - a potion of might
 k - a potion of brilliance {unknown}


   Skills:
 + Level 3.7 Fighting
 + Level 2.6 Maces & Flails
 + Level 3.9 Armour
 + Level 3.8 Shields


You had 2 spell levels left.
You didn't know any spells.
Your spell library was empty.

Dungeon Overview and Level Annotations

Branches:
Dungeon (3/15)

Altars:

Shops:
D:2 (

Annotations:
D:2 Grinder


Innate Abilities, Weirdness & Mutations

You are immune to sickness and miasma.
Your stone body is resilient. (AC +3)
You are immune to poison.
You resist negative energy. (rN+)
You are resistant to electric shocks. (rElec)
You are resistant to unholy torment.
You are immune to petrification.


Message History

You are too injured to fight recklessly!
You are too injured to fight recklessly!
You are too injured to fight recklessly!
You are too injured to fight recklessly!
You are too injured to fight recklessly!
You are too injured to fight recklessly!
You are too injured to fight recklessly!
You are too injured to fight recklessly!
You are too injured to fight recklessly!
You are too injured to fight recklessly!
You are too injured to fight recklessly!
You are too injured to fight recklessly!
You are too injured to fight recklessly!
You are too injured to fight recklessly!
You are too injured to fight recklessly!
You hit Grinder.
Grinder is lightly wounded.
Grinder blinks!
Grinder zaps a wand.
The puff of flame hits you.
* * * LOW HITPOINT WARNING * * *
Grinder hits you but does no damage.
Throw: 3 darts (curare)
Press: ? - help, Q - select action Shift-Dir - straight line, f - Grinder
Aim: Grinder, carrying a wand of flame (45% to hit)
You throw a curare-tipped dart.
The curare-tipped dart closely misses Grinder.
Grinder hits you but does no damage.
Throw: 2 darts (curare)
Press: ? - help, Q - select action Shift-Dir - straight line, f/p - Grinder
Aim: Grinder, carrying a wand of flame (45% to hit)
You throw a curare-tipped dart.
The curare-tipped dart completely misses Grinder.
Grinder hits you but does no damage.
Throw: dart (curare)
Press: ? - help, Q - select action Shift-Dir - straight line, f/p - Grinder
Aim: Grinder, carrying a wand of flame (45% to hit)
You throw a curare-tipped dart. The curare-tipped dart hits Grinder.
Grinder zaps a wand.
The puff of flame hits you!
You die...
Grinder sighs, "Dead already?
I want a refund."

#.#........##.#.##.#............
##.#)##.###..#.#.##.#####....####
.#.......###..[#.................
.#.............÷...............##
.....#.#.####..###....######.#.#
...#.#.#.# #..#......'........#
...#.#.#.# ##.#.#....######.###
..##.#.#.# #.............<..#
..##.#.#.# #>.@#.#..........#
..##.#.#.# ###5#.#.)...#.#..#
..##.#.#.# #.#............#
.......#.# #.#.........#.##
...#.###.# #.#.#########.#
...#...#'#### #.#.# #.#
...###......####'#.## #.#
............#...(...########.#
..#####.....#.[..............#


You could see Grinder.

Vanquished Creatures
  6 endoplasms
  A giant cockroach (D:1)
  2 hobgoblins
  6 jackals
  4 quokkas
  4 ball pythons (D:1)
  5 bats
  A frilled lizard (D:2)
  6 goblins
  4 kobolds
  5 rats
44 creatures vanquished.

Notes
Turn   | Place    | Note
-------+----------+-------------------------------------------
     0 | D:1      | Dittersdorf the Gargoyle Fighter began the quest for the
                  | Orb.
     0 | D:1      | Reached XP level 1. HP: 14/14 MP: 1/1
   147 | D:1      | Reached XP level 2. HP: 12/19 MP: 2/2
   577 | D:1      | Reached XP level 3. HP: 23/23 MP: 3/3
   987 | D:2      | Found Udow's Antique Weapon Shop.
  1697 | D:3      | Noticed Grinder
  1698 | D:3      | Paralysed by Grinder for 2 turns
  1721 | D:2      | Killed from afar by Grinder

Illustrated notes

Levels and vault maps discovered:
D:1:      wheals_arrival_linesprint, layout_loops_ring
D:2:      layout_basic, serial_shops, nicolae_shop_crystal
D:3:      minmay_wonky_spiral, layout_rooms, mainiacjoe_overflow_catwalk,
          hellmonk_ecumenical_altar_defaced_shrine, nicolae_elevator_lobby_plus,
          uniq_ijyb, uniq_grinder

Action                     || total
---------------------------++-------
  Melee: Flail             ||   137
  Throw: Dart              ||     3
 Armour: Scale mail        ||    96
         Chain mail        ||    27
  Dodge: Dodged            ||    52
  Block: Buckler           ||    39

Table legend: (Time is in decaauts)
 A = Elapsed time spent in this place.
 B = Non-inter-level travel time spent in this place.
 C = Inter-level travel time spent in this place.
 D = Time resting spent in this place.
 E = Time spent auto-exploring this place.
 F = Levels seen in this place.
 G = Mean time per level.
                   A        B        C        D        E       F      G
               +--------+--------+--------+--------+--------+-----+--------+
         Total |   1764 |   1629 |    135 |      0 |   1270 |   3 |  588.0 |
       Dungeon |   1764 |   1629 |    135 |      0 |   1270 |   3 |  588.0 |
               +--------+--------+--------+--------+--------+-----+--------+

Top non-repeatable levels by time:
     D:1: 958 daAuts
     D:2: 790 daAuts
     D:3: 16 daAuts
